 Dungeon Crawl Stone Soup version 0.30-a0-715-gdb4ae3ece1 (webtiles) character file.

Game seed: 10843123195955307501

98 mampy3000 the Chopper (level 4, -8/35 (41) HPs)
             Began as a Hill Orc Berserker on Jan 24, 2023.
             Was a Believer of Trog.
             Mangled by a wight
             ... wielding a +2 war axe
              (14 damage)
             ... on level 4 of the Dungeon.
             The game lasted 00:03:41 (2230 turns).

mampy3000 the Chopper (Hill Orc Berserker)          Turns: 2230, Time: 00:03:41

HP:   -8/35 (41)    AC:  5    Str: 19    XL:     4   Next: 69%
MP:   4/4           EV: 11    Int:  7    God:    Trog [**....]
Gold: 233           SH:  0    Dex: 12    Spells: 3/3 levels left

rFire   . . .      SeeInvis .    a - +0 hand axe
rCold   . . .      Faith    .    (no shield)
rNeg    . . .      Spirit   .    e - +0 ring mail
rPois   .          Reflect  .    (no helmet)
rElec   .          Harm     .    (no cloak)
rCorr   .          Rampage  .    (no gloves)
Will    +....                    (no boots)
Stlth   +                        (no amulet)
HPRegen 0.25/turn                h - ring of willpower
MPRegen 0.09/turn                (no ring)

@: on berserk cooldown, slowed, heavily drained, very slow
A: no striking features
a: Renounce Religion, Berserk, Trog's Hand


You were on level 4 of the Dungeon.
You worshipped Trog.
Trog was pleased with you.
You visited 1 branch of the dungeon, and saw 4 of its levels.

You collected 233 gold pieces.

Inventory:

Hand Weapons
 a - a +0 hand axe (weapon)
Missiles
 g - 2 boomerangs (quivered)
Armour
 b - a +0 animal skin
 e - a +0 ring mail (worn)
Jewellery
 h - a ring of willpower (left hand)
 m - a ring of willpower
Wands
 o - a wand of acid (12)
Scrolls
 c - 5 scrolls of identify {unknown}
 f - a scroll of enchant armour {unknown}
 k - 2 scrolls of fear {unknown}
 l - 4 scrolls of amnesia {unknown}
 n - a scroll of butterflies {unknown}
Potions
 d - a potion of mutation {unknown}
 i - a potion of invisibility {unknown}
 j - 4 potions of curing {unknown}


   Skills:
 + Level 4.6 Fighting
 + Level 5.5 Axes
 + Level 2.9 Armour
 + Level 1.8 Dodging


You had 3 spell levels left.
You didn't know any spells.
Your spell library was empty.

Dungeon Overview and Level Annotations

Branches:
Dungeon (4/15)
 Temple: D:4-7

Altars:
Ashenzari
Dithmenos
Uskayaw
Yredelemnul


Message History

A wight comes into view. It is wielding a +2 mace of freezing.
A wight comes into view. It is wielding a +3 great sword.
You barely miss the wight. The wight hits you with a +2 war axe!
You feel drained.
You closely miss the wight. The wight hits you with a +2 war axe.
You feel drained.
A red film seems to cover your vision as you go berserk!
You feel yourself moving faster!
You feel mighty! The wight misses you. The wight hits you with a +0 dagger.
You feel drained.
You hit the wight.
The wight is moderately damaged.
You closely miss the wight. The wight hits you with a +2 war axe.
You feel drained. The wight hits you with a +0 dagger!
You are too injured to fight recklessly!
You are too injured to fight recklessly!
You are too injured to fight recklessly!
You are too injured to fight recklessly!
You are too injured to fight recklessly!
You are too injured to fight recklessly!
You are too injured to fight recklessly!
You are too injured to fight recklessly!
Okay, then.
You feel a strong urge to attack something.
You feel your anger nearly subside.
You are no longer berserk.
You are exhausted.
You feel yourself slow down.
You closely miss the wight. The wight barely misses you.
The wight hits you with a +2 war axe.
* * * LOW HITPOINT WARNING * * *
You feel drained.
* * * LOW HITPOINT WARNING * * *
You hit the wight.
The wight is lightly damaged.
The wight closely misses you.
You hit the wight but do no damage.
The wight is lightly damaged.
A wight comes into view. It is wielding a +4 trident.
The wight hits you with a +2 war axe!
You die...

#..#### #.# #.#
##.# #.# #.#
##.#######.#
####.#
#.........<#
..#.#
#..######### #
#.#.# #..#
####.#z#.# #..#
........z###..#
#...zzz@...#
############


You could see 5 wights.

Vanquished Creatures
  5 adders
  An ufetubus (D:4)
  An adder skeleton (D:2)
  A worm (D:3)
  3 ball pythons (D:1)
  An endoplasm (D:1)
  4 giant cockroaches
  6 goblins
  5 hobgoblins
  4 jackals (D:1)
  2 quokkas
  2 bats (D:1)
  A frilled lizard (D:2)
  A jackal skeleton (D:2)
  A kobold (D:1)
  3 rats
41 creatures vanquished.

Vanquished Creatures (others)
  8 plants (D:4)
  3 withered plants (D:2)
11 creatures vanquished.

Grand Total: 52 creatures vanquished

Notes
Turn   | Place    | Note
-------+----------+-------------------------------------------
     0 | D:1      | mampy3000 the Hill Orc Berserker began the quest for the
                  | Orb.
     0 | D:1      | Reached XP level 1. HP: 19/19 MP: 1/1
    92 | D:1      | Reached XP level 2. HP: 23/27 MP: 2/2
   612 | D:1      | Reached XP level 3. HP: 29/33 MP: 3/3
   983 | D:2      | Found a basalt altar of Yredelemnul.
  1107 | D:2      | Reached skill level 5 in Axes
  1139 | D:2      | Reached XP level 4. HP: 39/41 MP: 4/4
  1426 | D:3      | Found a hide-covered altar of Uskayaw.
  1478 | D:3      | Reached ** piety under Trog
  1569 | D:3      | Found a shadowy altar of Dithmenos.
  1945 | D:3      | Found a broken altar of Ashenzari.
  2230 | D:4      | Mangled by a wight

Illustrated notes

Levels and vault maps discovered:
D:1:      lemuel_arrival_cross, layout_basic, dreamdust_princess_bridge,
          st_stairs_13
D:2:      layout_rooms, basic_altar, serial_undead, serial_undead_f,
          serial_undead_e, serial_undead_f, serial_undead_f, serial_undead_f,
          serial_undead_f
D:3:      layout_basic, nicolae_dithmenos_shadow_blocks,
          mainiacjoe_overflow_six_doors_small,
          nicolae_uskayaw_murder_on_the_dancefloor, palyth_stone_intersect,
          minmay_misc_feat_plants
D:4:      cheibrodos_thug_alley, layout_loops_ring,
          nicolae_qazlal_style_of_elements, mainiacjoe_overflow_cross_hatched,
          serial_bayou, serial_bayou_ford_a, serial_bayou_lagoon_a,
          serial_bayou_crossing, serial_bayou_pond_d, serial_bayou_pond_e

Skill      XL: |  1  2  3 |
---------------+----------+-----
Fighting       | 4 |  4.6
Axes           | 5 |  5.5
Armour         | |  2.9
Dodging        | |  1.8

Action                     |  1- 3 |  4- 6 || total
---------------------------+-------+-------++-------
  Melee: Hand axe          |   103 |    49 ||   152
         Punch             |     2 |       ||     2
 Invoke: Berserk           |       |     1 ||     1
 Armour: Animal skin       |     7 |       ||     7
         Ring mail         |    25 |    12 ||    37
  Dodge: Dodged            |    64 |    22 ||    86

Table legend: (Time is in decaauts)
 A = Elapsed time spent in this place.
 B = Non-inter-level travel time spent in this place.
 C = Inter-level travel time spent in this place.
 D = Time resting spent in this place.
 E = Time spent auto-exploring this place.
 F = Levels seen in this place.
 G = Mean time per level.
                   A        B        C        D        E       F      G
               +--------+--------+--------+--------+--------+-----+--------+
         Total |   2237 |   2232 |      5 |      0 |   1886 |   4 |  559.2 |
       Dungeon |   2237 |   2232 |      5 |      0 |   1886 |   4 |  559.2 |
               +--------+--------+--------+--------+--------+-----+--------+

Top non-repeatable levels by time:
     D:1: 869 daAuts
     D:3: 818 daAuts
     D:2: 489 daAuts
     D:4: 59 daAuts
